Cogmind - Beta 11.1 @@@ ROGUE MODE // 2022.05.16 @ 03:56:03 Player: kway_side Result: Self-destructed Performance ------------- Evolutions (3) 1500 Regions Visited (6) 1200 Robots Destroyed (68) 340 Value Destroyed (2229) 2229 Prototype IDs (10) 200 Alien Tech Used (0) 0 Bonus (756) 756 TOTAL SCORE: 6225 Bonus ------- High Alert Combat Kills 145 Follower Combat Kills 329 Aligned with FarCom 300 Friendly Fire -18 Cogmind --------- Core Integrity 511/700 Matter 8/300 Energy 240/240 System Corruption 4% Temperature Cool (0) Movement Flying (835) Ox10 Location -7/Factory Parts ------- > --- POWER (1) -------- Nuclear Core > --- PROPULSION (3) --- VTOL Module > --- UTILITY (7) ------ Large Storage Unit Advanced Targeting Computer Launcher Guidance Computer Launcher Guidance Computer Armor Integrity Analyzer Hardened Light Armor Plating > --- WEAPON (2) ------- Heavy Laser Heavy Missile Launcher > --- INVENTORY (15) --- Advanced Targeting Computer Hardened Light Armor Plating Recalibrator Rocket Launcher Power Maul Axe Peak State ------------ > --- POWER ------------ Improved Ion Engine > --- PROPULSION ------- Light Treads Advanced Treads Advanced Treads > --- UTILITY ---------- High-capacity Storage Unit Improved Targeting Computer Hardened Medium Armor Plating Bomb Drone Bay > --- WEAPON ----------- Advanced Beam Cannon Light Cannon > --- INVENTORY -------- Ion Engine Light Treads Light Treads Light Treads Light Treads Wheel Improved Heat Sink Improved Targeting Computer System Shield Supersonic Drone Bay Shock Rifle Heavy Assault Rifle Light Cannon Light Cannon Light Cannon Light Cannon Grenade Launcher Mining Claw [Rating: 36] Favorites ----------- Power Ion Engine Engine Ion Engine Power Core Nuclear Core Propulsion Light Treads Treads Light Treads Leg Aluminum Leg Hover Unit Aerolev Unit Flight Unit VTOL Module Utility High-capacity Storage Unit Device Recoil Stabilizer Storage High-capacity Storage Unit Processor Improved Targeting Computer Protection Hardened Medium Armor Plating Weapon Light Cannon Energy Gun Particle Gun Energy Cannon Advanced Beam Cannon Ballistic Gun Assault Rifle Ballistic Cannon Light Cannon Launcher Heavy Missile Launcher Slashing Weapon Mining Claw Build | -11 -10 -10 -10 -9 -8 -7 ------- Run | Scr Mat Min Exi Min Mat Fac Slots Evolved 6 | . . . . . 4 2 Power . | . . . . . . . Propulsion 1 | . . . . . 1 . Utility 5 | . . . . . 3 2 Weapon . | . . . . . . . Parts Attached 106 | . 17 . . . 73 16 Power 10 | . 3 . . . 5 2 Engine 9 | . 3 . . . 5 1 Core 1 | . . . . . . 1 Reactor . | . . . . . . . Propulsion 30 | . 5 . . . 24 1 Treads 24 | . 4 . . . 20 . Leg 1 | . 1 . . . . . Wheel . | . . . . . . . Hover 2 | . . . . . 2 . Flight 3 | . . . . . 2 1 Utility 37 | . 4 . . . 22 11 Device 14 | . . . . . 10 4 Storage 6 | . 3 . . . 2 1 Processor 9 | . 1 . . . 4 4 Hackware . | . . . . . . . Protection 8 | . . . . . 6 2 Artifact . | . . . . . . . Weapon 29 | . 5 . . . 22 2 Energy Gun 6 | . 1 . . . 4 1 Energy Cannon 1 | . . . . . 1 . Ballistic Gun 4 | . 2 . . . 2 . Ballistic Cannon 13 | . 2 . . . 11 . Launcher 4 | . . . . . 3 1 Special Weapon . | . . . . . . . Impact Weapon . | . . . . . . . Slashing Weapon 1 | . . . . . 1 . Piercing Weapon . | . . . . . . . Special Melee Weapon . | . . . . . . . Unidentified Prototypes 9 | . . . . . 9 . Parts Lost 16 | . . . . . 11 5 Power 3 | . . . . . 2 1 Propulsion 4 | . . . . . 4 . Utility 7 | . . . . . 3 4 Weapon 2 | . . . . . 2 . Highest Loss Streak 3 | . . . . . 2 3 To Critical Strikes 1 | . . . . . 1 . Average Slot Usage (%) 88 | . 98 100 100 100 96 44 Engine 10 | . 13 14 14 14 8 2 Treads 21 | . 24 28 28 28 26 . Device 5 | . . . . . 10 6 Storage 12 | . 22 14 14 14 8 6 Processor 13 | . 3 14 14 14 18 14 Protection 2 | . . . . . 4 2 Energy Gun 3 | . 13 . . . 1 2 Ballistic Gun 2 | . 13 . . . 1 . Ballistic Cannon 13 | . 1 28 28 28 15 . Naked Turns 18 | . . . . . 13 5 Heaviest Build 97 | 10 91 51 51 51 97 52 Greatest Support 66 | 20 40 40 40 40 66 4 Greatest Overweight (x) 17 | . 2 1 1 1 4 17 Average Overweight (x) 1 | . 1 1 1 1 . 10 Largest Inventory Capacity 25 | . 25 20 20 20 25 15 Average Capacity 20 | . 19 20 20 20 22 14 Most Carried 25 | . 20 20 20 20 25 6 Average Carried 16 | . 14 19 19 20 22 4 Final Capacity 20 | 8 20 20 20 20 5 15 Final Carried 20 | 6 20 20 20 20 5 6 Class Distribution -------------------- 83% | Mutant 16% | Skirmisher Dominant Class ---------------- Mutant | -10/Materials Mutant | -10/Mines Mutant | -10/Exiles Mutant | -9/Mines Mutant | -8/Materials Mutant | -7/Factory Resources | -11 -10 -10 -10 -9 -8 -7 ----------- Run | Scr Mat Min Exi Min Mat Fac Matter Collected 2336 | 200 300 100 . 73 1606 57 Remotely . | . . . . . . . Salvage Created 1972 | . 420 13 . 24 1488 27 Parts 100 | . 26 1 . 3 68 2 Haulers Intercepted 7 | . 1 . . . 6 . Recyclers Shooed . | . . . . . . . Parts Field Recycled 1 | . . . . . . 1 Retrieved Matter 3 | . . . . . . 3 Parts Self-Destructed . | . . . . . . . Prevented . | . . . . . . . Kills | -11 -10 -10 -10 -9 -8 -7 ------- Run | Scr Mat Min Exi Min Mat Fac Combat Hostiles Destroyed 47 | . 11 1 . . 34 1 Guns 15 | . 11 . . . 4 . Cannons 19 | . . 1 . . 18 . AOE 12 | . . . . . 11 1 Classes Destroyed 14 | . 5 . . 1 7 1 Worker 2 | . . . . . 2 . Builder 1 | . . . . . 1 . Tunneler 1 | . . . . 1 . . Hauler 7 | . 1 . . . 6 . Recycler 3 | . . . . . 3 . Operator 4 | . 1 . . . 3 . Watcher 3 | . 1 . . . 2 . Swarmer 6 | . 3 1 . . 2 . Cutter 3 | . . . . . 3 . Grunt 28 | . 8 . . . 20 . Brawler 1 | . . . . . 1 . Sentry 7 | . . . . . 7 . Hunter 1 | . . . . . 1 . Programmer 1 | . . . . . . 1 Best Kill Streak 10 | . 3 1 . 1 10 1 Combat Bots Only 7 | . 3 1 . . 7 1 Max Kills in Single Turn 5 | . 1 1 . 1 5 1 Gunslinging . | . . . . . . . Exploded 3 | . . . . . 3 1 Melee . | . . . . . . . Uniques/NPCs Destroyed . | . . . . . . . Combat | -11 -10 -10 -10 -9 -8 -7 -------- Run | Scr Mat Min Exi Min Mat Fac Damage Taken 5539 | . 711 92 . 65 3380 1291 Core 782 | . 129 . . 14 450 189 Absorbed by Shields . | . . . . . . . Redirected to Shielding 21 | . . . . . 21 . Regen/Repaired (Parts) 154 | . 154 . . . . . Core Remaining (%) 53 | 100 . . . 42 18 . Volleys Fired 177 | . 40 1 . 5 128 3 Largest 2 | . 2 2 . 2 2 1 Hottest 122 | . 85 70 . 70 122 39 Shots Fired 338 | . 81 2 . 11 241 3 Gun 124 | . 81 . . . 43 . Cannon 197 | . . 2 . 11 184 . Launcher 17 | . . . . . 14 3 Special . | . . . . . . . Kinetic 269 | . 40 2 . 11 216 . Thermal 52 | . 41 . . . 11 . Explosive 17 | . . . . . 14 3 Electromagnetic . | . . . . . . . Robot Hit Streak 25 | . 7 1 . 2 25 5 Robot Miss Streak 5 | . 3 1 . 3 5 . Penetration Max . | . . . . . . . Secondary Targets 4 | . 3 . . . 1 . Max Gunslinging Chain 1 | . 1 . . . 1 . Shots Hit Robots 223 | . 51 1 . 4 164 3 Core Hits 104 | . 21 1 . 2 77 3 Critical Kills 1 | . . . . . 1 . Critical Parts Destroyed 2 | . . . . . 2 . Critical Strikes 10 | . 1 . . . 9 . Burn 1 | . 1 . . . . . Meltdown 1 | . . . . . 1 . Destroy 2 | . . . . . 2 . Blast 6 | . . . . . 6 . Melee Attacks 3 | . . . . . 3 . Impact . | . . . . . . . Slashing 3 | . . . . . 3 . Piercing . | . . . . . . . Sneak Attacks . | . . . . . . . Combat Hostiles . | . . . . . . . Follow-up Attacks . | . . . . . . . Damage Inflicted 5476 | . 657 37 . 87 4571 124 Guns 1156 | . 657 . . . 499 . Cannons 2409 | . . 37 . 87 2285 . Explosions 1878 | . . . . . 1754 124 Melee . | . . . . . . . Ramming 33 | . . . . . 33 . Kinetic 2963 | . 258 37 . 87 2581 . Thermal 1165 | . 399 . . . 766 . Explosive 1301 | . . . . . 1191 110 Electromagnetic 14 | . . . . . . 14 Impact . | . . . . . . . Slashing . | . . . . . . . Piercing . | . . . . . . . Highest Corruption 4 | . 2 2 2 2 1 4 Average Corruption 1 | . 2 2 2 2 1 2 Corruption Purged . | . . . . . . . Corruption Blocked . | . . . . . . . Effects 96 | . 26 21 3 7 22 17 Message Errors 24 | . 8 5 . 1 6 4 Matter Fused 27 | . 6 6 2 2 4 7 Heat Flow Errors 14 | . 3 5 . . 3 3 Energy Discharges 7 | . 2 . . 1 2 2 Parts Rejected 1 | . . . . . 1 . Data Loss (minor) 8 | . 4 1 . 1 1 1 Data Loss (major) 8 | . 2 2 1 . 3 . Misfires 3 | . 1 . . 1 1 . Alerts 4 | . . 2 . 1 1 . Overload Shots . | . . . . . . . Overflow Damage 300 | . . . . . 300 . Projectiles . | . . . . . . . Explosions 300 | . . . . . 300 . Melee . | . . . . . . . Knockbacks 25 | . . 1 . 3 21 . Impact 1 | . . . . . 1 . Kinetic 23 | . . 1 . 2 20 . Secondary 1 | . . . . 1 . . Self-Inflicted Damage 318 | . . . . . 318 . Shots 6 | . . . . . 6 . Rammed 8 | . 1 . . . 7 . Targets Rammed 8 | . 1 . . . 7 . Kicked . | . . . . . . . Crushed . | . . . . . . . Highest Temperature 347 | . 242 236 . 30 347 217 Average Temperature 68 | . 66 92 . 12 65 100 Received Heat Transfer 1785 | . 249 18 . 33 1269 216 Effects 3 | . . 1 . . 2 . Energy Bleed 1 | . . 1 . . . . Interference 2 | . . . . . 2 . Siege Activations . | . . . . . . . Robots Corrupted . | . . . . . . . Combat Hostiles . | . . . . . . . Parts Fried . | . . . . . . . Impact Corruptions . | . . . . . . . Robots Melted 1 | . . . . . 1 . Combat Hostiles 1 | . . . . . 1 . Parts Melted 1 | . 1 . . . . . Heat Transferred 1686 | . 1016 . . . 670 . Parts Sabotaged . | . . . . . . . Parts Stolen . | . . . . . . . Parts Stripped . | . . . . . . . Power Chain Reactions . | . . . . . . . Missiles Intercepted . | . . . . . . . Alert | -11 -10 -10 -10 -9 -8 -7 ------- Run | Scr Mat Min Exi Min Mat Fac Peak Influence 1054 | . 125 81 . 148 1054 465 Initial 465 | . . . . . 57 465 Average 179 | . 35 17 . 29 334 177 Maximum Alert Level 3 | . . . . . 3 2 Low Security (%) 63 | . 100 100 . 100 27 61 Level 1 24 | . . . . . 50 19 Level 2 9 | . . . . . 14 19 Level 3 3 | . . . . . 7 . Level 4 . | . . . . . . . Level 5 . | . . . . . . . High Security . | . . . . . . . Max Security . | . . . . . . . Squads Dispatched 17 | . 2 1 . . 10 4 Investigation 4 | . 1 1 . . 2 . Extermination 4 | . . . . . . 4 Reinforcement 6 | . 1 . . . 5 . Assault 2 | . . . . . 2 . Garrison 1 | . . . . . 1 . Intercept . | . . . . . . . Searches Triggered . | . . . . . . . Construction Impeded 1 | . . . . . 1 . Haulers Reinforced . | . . . . . . . Active Scanning Responses . | . . . . . . . Cargo Convoy Interrupts . | . . . . . . . Stealth | -11 -10 -10 -10 -9 -8 -7 --------- Run | Scr Mat Min Exi Min Mat Fac Distress Signals 9 | . 2 . . . 7 . Communications Jammed . | . . . . . . . Distress Signals . | . . . . . . . Times Spotted 110 | . 22 6 . 5 69 8 Peak Tracking Total 8 | . 3 3 . 3 8 1 Tactical Retreats 2 | . . . . . 2 . Traps | -11 -10 -10 -10 -9 -8 -7 ------- Run | Scr Mat Min Exi Min Mat Fac Traps Triggered 5 | . 2 . . . 3 . Indirectly . | . . . . . . . Trap Hack Attempts . | . . . . . . . Triggered . | . . . . . . . Disarmed . | . . . . . . . Reprogrammed . | . . . . . . . Reused . | . . . . . . . Traps Extracted . | . . . . . . . Installed . | . . . . . . . Triggered . | . . . . . . . Machines | -11 -10 -10 -10 -9 -8 -7 ---------- Run | Scr Mat Min Exi Min Mat Fac Machines Disabled 14 | . . . . . 12 2 Max in Single Turn 2 | . . . . . 2 1 Garrison Access 1 | . . . . . 1 . Machines Sabotaged . | . . . . . . . Garrisons Compromised . | . . . . . . . Overloaded Fab Kills . | . . . . . . . Hacking | -11 -10 -10 -10 -9 -8 -7 --------- Run | Scr Mat Min Exi Min Mat Fac Machines Accessed 21 | . 7 2 . . 9 3 Terminals 12 | . 4 . . . 6 2 Fabricators 1 | . . . . . . 1 Repair Stations 1 | . 1 . . . . . Recycling Units 3 | . 2 . . . 1 . Scanalyzers 1 | . . . . . 1 . Garrison Access 1 | . . . . . 1 . Total Hacks 57 | . 21 2 . . 27 7 Successful 29 | . 11 2 . . 15 1 Failed 28 | . 10 . . . 12 6 Catastrophic 7 | . 4 . . . 3 . Database Lockouts . | . . . . . . . Manual 15 | . 4 . 1 . 8 2 Terminals 33 | . 10 . . . 18 5 Fabricators 2 | . . . . . . 2 Repair Stations 6 | . 6 . . . . . Recycling Units 7 | . 5 . . . 2 . Scanalyzers 5 | . . . . . 5 . Garrison Access 2 | . . . . . 2 . Terminal Hacks 11 | . 2 2 . . 7 . Robot Analysis 1 | . . . . . 1 . Prototype ID Bank 1 | . . . . . 1 . Open Door 2 | . . 2 . . . . Terminal Index 1 | . . . . . 1 . Alert Level 1 | . 1 . . . . . Locate Traps 1 | . . . . . 1 . Maintenance Status 1 | . . . . . 1 . Hauler Manifests 2 | . 1 . . . 1 . Zone Layout 1 | . . . . . 1 . Fabricator Hacks 1 | . . . . . . 1 Load Schematic 1 | . . . . . . 1 Repair Station Hacks 5 | . 5 . . . . . Scan Component 3 | . 3 . . . . . Repair 2 | . 2 . . . . . Recycling Unit Hacks 6 | . 4 . . . 2 . Report Inventory 2 | . 1 . . . 1 . Retrieve Components 4 | . 3 . . . 1 . Scanalyzer 4 | . . . . . 4 . Insert Component 2 | . . . . . 2 . Analyze 2 | . . . . . 2 . Garrison Access Hacks . | . . . . . . . Unauthorized Hacks 2 | . . . . . 2 . Terminals . | . . . . . . . Fabricators . | . . . . . . . Repair Stations . | . . . . . . . Recycling Units . | . . . . . . . Scanalyzers . | . . . . . . . Garrison Access 2 | . . . . . 2 . Decoy 1 | . . . . . 1 . Eject 1 | . . . . . 1 . Data Cores Recovered . | . . . . . . . Used . | . . . . . . . Hacking Detections 16 | . 6 . . . 7 3 Full Trace Events 4 | . 2 . . . 2 . Feedback Events . | . . . . . . . Feedback Blocked . | . . . . . . . Robot Schematics Acquired . | . . . . . . . Robots Built . | . . . . . . . Authchips . | . . . . . . . Time . | . . . . . . . Total Robot Build Rating . | . . . . . . . Part Schematics Acquired 2 | . . . . . 2 . Parts Built . | . . . . . . . Authchips . | . . . . . . . Time . | . . . . . . . Total Part Build Rating . | . . . . . . . Parts Repaired 2 | . 2 . . . . . Time 52 | . 52 . . . . . Parts Recycled . | . . . . . . . Recycled Matter . | . . . . . . . Retrieved Matter . | . . . . . . . Retrieved Components 27 | . 17 . . . 10 . Parts Scanalyzed 2 | . . . . . 2 . Part Schematics Acquired 2 | . . . . . 2 . Parts Damaged . | . . . . . . . Bothacking | -11 -10 -10 -10 -9 -8 -7 ------------ Run | Scr Mat Min Exi Min Mat Fac Used RIF Installer . | . . . . . . . Robots Hacked . | . . . . . . . Non-combat . | . . . . . . . Combat . | . . . . . . . Robot Hacks Applied . | . . . . . . . Relay Couplers Released 4 | . . . . . 4 . Ejected 4 | . . . . . 4 . Fabnet Peak Effective % . | . . . . . . . Robots Rewired . | . . . . . . . Allies Hacked . | . . . . . . . Hacks Repelled . | . . . . . . . Allies | -11 -10 -10 -10 -9 -8 -7 -------- Run | Scr Mat Min Exi Min Mat Fac Total Allies 5 | . . 3 . 2 . . Largest Group 5 | . . 3 3 5 3 . Highest-Rated Group 82 | . . 40 37 82 60 . Highest-Rated Ally 31 | . . 16 16 31 31 . Total Orders 11 | . . . . . 3 8 EXPLORE 1 | . . . . . 1 . RETURN 10 | . . . . . 2 8 Ally Attacks 133 | . . 80 . 16 28 9 Total Damage 1494 | . . 949 . 227 318 . Kills 17 | . . 4 . 7 6 . Allies Corrupted . | . . . . . . . Allies Melted . | . . . . . . . Intel | -11 -10 -10 -10 -9 -8 -7 ------- Run | Scr Mat Min Exi Min Mat Fac Robot Analysis Total 1 | . . . . . 1 . Derelict Logs Recovered 3 | . . 1 . 2 . . Drone Launches 26 | . . . . . 7 19 Drone Recoveries 9 | . . . . . 2 7 Exploration | -11 -10 -10 -10 -9 -8 -7 ------------- Run | Scr Mat Min Exi Min Mat Fac Turns Passed 11520 | . 2058 1743 566 668 4418 2067 Spaces Moved 3993 | 1 765 719 236 266 1665 341 Core 323 | . . . . . 22 301 Treads 3487 | . 623 719 236 266 1643 . Legs 143 | 1 142 . . . . . Wheels . | . . . . . . . Hover . | . . . . . . . Flight 40 | . . . . . . 40 Fastest Speed 50 | 120 120 240 240 240 50 50 Average Speed 256 | 120 235 240 240 240 209 595 Slowest Speed 900 | 120 320 240 240 240 465 900 Overloaded Moves . | . . . . . . . Propulsion Burnouts . | . . . . . . . Robots Hopped . | . . . . . . . Cave-ins Triggered . | . . . . . . . Exploration Rate (%) 56 | 2 97 97 61 43 87 11 Regions Visited 6 Branch Regions 3 Pre-discovered Areas 1 | . . . . 1 . . Known Exits Taken 1 | . . . . . 1 . Unknown Exits Taken 5 | 1 1 1 1 1 . . Scrap Searched 4 | . . 2 . 2 . . Spaces Dug 1 | . . . . . 1 . Terrain Destroyed 146 | . . . . . 124 22 Melee 1 | . . . . . 1 . Projectile 6 | . . . . . 6 . AOE 139 | . . . . . 117 22 Terrain Rammed . | . . . . . . . Walls Destroyed . | . . . . . . . Machines Disabled . | . . . . . . . Actions | -11 -10 -10 -10 -9 -8 -7 --------- Run | Scr Mat Min Exi Min Mat Fac Total 4928 | . 944 738 237 287 2352 370 Wait 496 | . 85 10 . 17 383 1 Move 3987 | . 764 718 235 265 1664 341 Hop . | . . . . . . . Pick Up 71 | . 22 4 1 . 36 8 Fast Attach 41 | . 5 . . . 26 10 Attach 31 | . 2 . . . 23 6 Detach 7 | . . . . . 6 1 Swap 34 | . 10 . . . 24 . Drop 73 | . 15 5 1 . 52 . Fire 177 | . 40 1 . 5 128 3 Melee 3 | . . . . . 3 . Ram 1 | . . . . . 1 . Kick . | . . . . . . . Crush 7 | . 1 . . . 6 . Escape Stasis . | . . . . . . . Rewire . | . . . . . . . Trap . | . . . . . . . Miscellaneous . | . . . . . . . Route ------- -11/Scrapyard -10/Materials (discovered 4 exits: [*Mat x3] / *Min) -10/Mines (discovered 2 exits: [*Mat] / *Exi) -10/Exiles -9/Mines -8/Materials (discovered 5 exits: *Fac x3 / *Sto x2) -7/Factory History --------- Turn | Location | Event 1 | -11/Scrapyard | Discovered new exit (range 0) 1 | -11/Scrapyard | Entered Materials 325 | -10/Materials | Build established: Mutant 350 | -10/Materials | Discovered new exit (range 10) 823 | -10/Materials | Discovered new exit (range 15) 1100 | -10/Materials | Core integrity fell below 50% 1115 | -10/Materials | Discovered new exit (range 7) 1313 | -10/Materials | Repaired Ion Engine 1340 | -10/Materials | Repaired Lgt. Treads 1721 | -10/Materials | Discovered new exit (range 16) 2059 | -10/Materials | Entered Mines 2076 | -10/Mines | Assisted by bots powering up and referring to "LRC-V3" 2451 | -10/Mines | Assembled infested the area 2710 | -10/Mines | Discovered new exit (range 5) 2977 | -10/Mines | Discovered new exit (range 5) 2997 | -10/Mines | Found the Drone Emporium 3007 | -10/Mines | Found Prototype Device 3296 | -10/Mines | Learned Materials terminal intel 3309 | -10/Mines | Met a Derelict shopkeep closing up shop 3802 | -10/Mines | Entered Exiles 3802 | -10/Exiles | Accompanied by 3 allies 3858 | -10/Exiles | Met 8R-AWN 3903 | -10/Exiles | Met EX-HEX 3997 | -10/Exiles | Met EX-BIN 4030 | -10/Exiles | Aligned with FarCom system 4033 | -10/Exiles | Given EX-Vault access code 4093 | -10/Exiles | Opened EX-Vault 4103 | -10/Exiles | Found Prototype Device 4157 | -10/Exiles | Warned to stay clear of 0b10 Research branches 4238 | -10/Exiles | Met EX-DEC 4330 | -10/Exiles | Discovered new exit (range 14) 4368 | -10/Exiles | Left Exiles lab with Supersonic Drone Bay 4368 | -10/Exiles | Entered Mines 4368 | -9/Mines | Accompanied by 3 allies 4816 | -9/Mines | Learned 4 Materials zone layouts 5012 | -9/Mines | Discovered new exit (range 8) 5036 | -9/Mines | Entered Materials 5036 | -8/Materials | Accompanied by 3 allies 5036 | -8/Materials | Evolved 4 slots: Propulsion x1, Utility x3 5037 | -8/Materials | Identified exit to Factory 5037 | -8/Materials | Identified exit to Storage 5038 | -8/Materials | Loaded intel: 12 terminal locations 5038 | -8/Materials | Identified Bomb Drone Bay 5041 | -8/Materials | Led the pair of lost Derelicts to an unsafe place 5353 | -8/Materials | Build established: Skirmisher 5496 | -8/Materials | Discovered exit to Factory (range 13) 5541 | -8/Materials | Destroyed 7 combat bots 6897 | -8/Materials | Discovered exit to Storage (range 11) 7238 | -8/Materials | Discovered exit to Factory (range 3) 7389 | -8/Materials | Build established: Mutant 7834 | -8/Materials | Identified Supersonic Drone Bay 9369 | -8/Materials | Core integrity fell below 50% 9387 | -8/Materials | Garrison activated, responded to threat 9436 | -8/Materials | First assault squad dispatched 9441 | -8/Materials | Released all parts (7) 9442 | -8/Materials | Core integrity fell below 20% 9454 | -8/Materials | Entered Factory 9454 | -7/Factory | Evolved 2 slots: Utility x2 10384 | -7/Factory | Lost 3 parts (1p2u) 11521 | -7/Factory | Self-destructed Last Messages --------------- 10970_ System corrupted: Energy discharge (-72). 11010_ System corrupted: Component data lost. 11058_ Neutrino Reactor explodes. 11068_ P-60 Hacker destroyed. 11069_ U-05 Engineer lays Concrete. 11083_ The unstable cave ceiling collapses. 11083_ U-05 Engineer builds a Wall. 11084_ U-05 Engineer lays Concrete. 11088_ The unstable cave ceiling collapses. 11088_ U-05 Engineer lays Concrete. 11145_ System corrupted: Heat flow error (+152). 11182_ Acquired VTOL Module. 11201_ Acquired Recalibrator. 11284_ System corrupted: Energy discharge (-64). 11345_ System corrupted: Matter fused (-6). 11371_ System corrupted: Matter fused (-10). 11441_ System corrupted: Heat flow error (+238). 11444_ Acquired 27 matter. 11460_ System corrupted: Matter fused (-8). 11475_ G5